EL
PENSACOLA BLUE WAHOOS @ SAN ANTONIO MISSIONS
08/21/2045
 
TOP OF THE 1ST
Pensacola Blue Wahoos batting - Pitching for San Antonio Missions : LHP Blaine Whitmore
Pitching: LHP Blaine Whitmore
Batting: RHB Solange Le Coq 0-0: Called Strike
0-1: Ball
1-1: Ground out 5-3 (Groundball, 56, EV 81.2 MPH)
Batting: RHB Danny Real 0-0: SINGLE (Flyball, 34D, EV 90.0 MPH)
Batting: RHB Dusty Pollert 0-0: Ball
Danny Real is caught stealing 2nd base 2-4
1-0: Ball
2-0: Ground out 4-3 (Groundball, 4, EV 85.6 MPH)
Top of the 1st over - 0 runs, 1 hit, 0 errors, 0 left on base; Pensacola 0 - San Antonio 0
BOTTOM OF THE 1ST
San Antonio Missions batting - Pitching for Pensacola Blue Wahoos : RHP Jeremy Whooley
Pitching: RHP Jeremy Whooley
Batting: RHB Luwen Storm 0-0: Ball
1-0: Ball
2-0: Ball
3-0: Base on Balls
Batting: SHB Devin Hottenstein 0-0: Called Strike
0-1: Ball
1-1: Ball
2-1: Ball
3-1: Foul Ball, location: 2F
3-2: Ground out 4-3 (Groundball, 34, EV 98.1 MPH)
Luwen Storm to second
Batting: RHB John Shaffer 0-0: Ball
1-0: Ground out 4-3 (Groundball, 4, EV 80.0 MPH)
Luwen Storm to third
Batting: LHB Javy Portela 0-0: Ball
1-0: Foul Ball, location: 2F
1-1: Ball
2-1: Ball
3-1: Base on Balls
Batting: LHB Josh Slusarczyk 0-0: Ball
1-0: Fielders Choice at 2nd, U4 (Groundball, 4M, EV 104.4 MPH)
Bottom of the 1st over - 0 runs, 0 hits, 0 errors, 2 left on base; Pensacola 0 - San Antonio 0
TOP OF THE 2ND
Pensacola Blue Wahoos batting - Pitching for San Antonio Missions : LHP Blaine Whitmore
Batting: RHB Reilly Hawkins 0-0: Ball
1-0: Called Strike
1-1: Ball
2-1: Ball
3-1: DOUBLE (Line Drive, 89M, EV 104.4 MPH)
Batting: SHB Kristian Kristensen 0-0: Ball
1-0: Ground out U3 (Groundball, 34S, EV 85.6 MPH)
Reilly Hawkins to third
Batting: RHB Colin Lord 0-0: SINGLE (Groundball, 4MD, EV 110.6 MPH)
Reilly Hawkins scores
Batting: RHB Steve Anderson 0-0: Called Strike
0-1: Ball
1-1: Grounds into double play, 6-4-3 (Groundball, 6, EV 86.2 MPH)
Top of the 2nd over - 1 run, 2 hits, 0 errors, 0 left on base; Pensacola 1 - San Antonio 0
BOTTOM OF THE 2ND
San Antonio Missions batting - Pitching for Pensacola Blue Wahoos : RHP Jeremy Whooley
Batting: RHB Scott Schwartz 0-0: Called Strike
0-1: Ball
1-1: Ball
2-1: Swinging Strike
2-2: Foul Ball, location: 2F
2-2: Ball
3-2: Strikes out swinging
Batting: RHB Joe Weissman 0-0: Ball
1-0: Called Strike
1-1: Ball
2-1: DOUBLE (Flyball, 8LXD, EV 101.2 MPH)
Batting: RHB Mario Mejia 0-0: Ground out 5-3 (Groundball, 5S, EV 75.0 MPH)
Joe Weissman to third
Batting: LHB Bobby Adams 0-0: Foul Ball, location: 2F
0-1: Ball
1-1: DOUBLE (Line Drive, 8RD, EV 106.9 MPH)
Joe Weissman scores
Batting: RHB Luwen Storm 0-0: Ball
1-0: Swinging Strike
1-1: Foul Ball, location: 2F
1-2: Foul Ball, location: 2RF, Error on foul ball, E2
1-2: Foul Ball, location: 2F
1-2: Ball
2-2: Ground out 4-3 (Groundball, 4, EV 87.5 MPH)
Bottom of the 2nd over - 1 run, 2 hits, 1 error, 1 left on base; Pensacola 1 - San Antonio 1
TOP OF THE 3RD
Pensacola Blue Wahoos batting - Pitching for San Antonio Missions : LHP Blaine Whitmore
Batting: RHB Jamie Ingram 0-0: Ball
1-0: Ball
2-0: Foul Ball, location: 2F
2-1: Called Strike
2-2: Ground out 6-3 (Groundball, 6, EV 85.0 MPH)
Batting: RHB Yasusaburo Kuwahara 0-0: Foul Ball, location: 2F
0-1: Ball
1-1: Swinging Strike
1-2: Ball
2-2: Strikes out swinging
Batting: RHB Solange Le Coq 0-0: Foul Ball, location: 2F
0-1: Ball
1-1: Swinging Strike
1-2: Ball
2-2: Ball
3-2: Fly out, F8 (Flyball, 8RM, EV 88.1 MPH)
Top of the 3rd over - 0 runs, 0 hits, 0 errors, 0 left on base; Pensacola 1 - San Antonio 1
BOTTOM OF THE 3RD
San Antonio Missions batting - Pitching for Pensacola Blue Wahoos : RHP Jeremy Whooley
Batting: SHB Devin Hottenstein 0-0: Swinging Strike
0-1: Foul Ball, location: 2F
0-2: Ball
1-2: Foul Ball, location: 2F
1-2: Foul Ball, location: 2F
1-2: Ground out U3 (Groundball, 3L, EV 87.5 MPH)
Batting: RHB John Shaffer 0-0: Called Strike
0-1: Ground out 4-3 (Groundball, 4, EV 83.8 MPH)
Batting: LHB Javy Portela 0-0: Swinging Strike
0-1: Ball
1-1: Ball
2-1: Ground out 4-3 (Groundball, 34, EV 103.8 MPH)
Bottom of the 3rd over - 0 runs, 0 hits, 0 errors, 0 left on base; Pensacola 1 - San Antonio 1
TOP OF THE 4TH
Pensacola Blue Wahoos batting - Pitching for San Antonio Missions : LHP Blaine Whitmore
Batting: RHB Danny Real 0-0: Called Strike
0-1: Ground out 6-3 (Groundball, 6MS, EV 83.1 MPH)
Batting: RHB Dusty Pollert 0-0: Swinging Strike
0-1: Swinging Strike
0-2: Ball
1-2: Foul Ball, location: 2F
1-2: Ball
2-2: Fly out, F6 (Line Drive, 6, EV 68.8 MPH)
Batting: RHB Reilly Hawkins 0-0: Ball
1-0: Ball
2-0: Ground out 6-3 (Groundball, 6, EV 104.4 MPH)
Top of the 4th over - 0 runs, 0 hits, 0 errors, 0 left on base; Pensacola 1 - San Antonio 1
BOTTOM OF THE 4TH
San Antonio Missions batting - Pitching for Pensacola Blue Wahoos : RHP Jeremy Whooley
Batting: LHB Josh Slusarczyk 0-0: Called Strike
0-1: SOLO HOME RUN (Flyball, 89XD, EV 108.1 MPH), Distance : 410 ft
Batting: RHB Scott Schwartz 0-0: Called Strike
0-1: Ball
1-1: Foul Ball, location: 2F
1-2: Ball
2-2: Ball
3-2: Foul Ball, location: 2F
3-2: Strikes out looking
Batting: RHB Joe Weissman 0-0: Foul Ball, location: 2F
0-1: Fly out, F9 (Flyball, 89D, EV 95.0 MPH)
Batting: RHB Mario Mejia 0-0: Ball
1-0: Called Strike
1-1: Foul Ball, location: 2F
1-2: Ball
2-2: Ball
3-2: Base on Balls
Batting: LHB Bobby Adams 0-0: Called Strike
Mario Mejia steals 2nd base
0-1: Ball
1-1: SINGLE (Groundball, 34D, EV 97.5 MPH)
Mario Mejia to third
Runner from 3rd tries for Home, SAFE, throw by RF to home
Bobby Adams to second
Batting: RHB Luwen Storm 0-0: Called Strike
0-1: Ball
1-1: Foul Ball, location: 2F
1-2: Ball
2-2: Strikes out swinging
Bottom of the 4th over - 2 runs, 2 hits, 0 errors, 1 left on base; Pensacola 1 - San Antonio 3
TOP OF THE 5TH
Pensacola Blue Wahoos batting - Pitching for San Antonio Missions : LHP Blaine Whitmore
Batting: SHB Kristian Kristensen 0-0: Called Strike
0-1: Ball
1-1: Swinging Strike
1-2: Ball
2-2: Ball
3-2: Ground out 4-3 (Groundball, 4M, EV 105.0 MPH)
Batting: RHB Colin Lord 0-0: Ball
1-0: Fly out, F3 (Popup, 3F, EV 65.6 MPH)
Batting: RHB Steve Anderson 0-0: Called Strike
0-1: Called Strike
0-2: Ball
1-2: Strikes out looking
Top of the 5th over - 0 runs, 0 hits, 0 errors, 0 left on base; Pensacola 1 - San Antonio 3
BOTTOM OF THE 5TH
San Antonio Missions batting - Pitching for Pensacola Blue Wahoos : RHP Jeremy Whooley
Batting: SHB Devin Hottenstein 0-0: Ball
1-0: Ball
2-0: Ball
3-0: Base on Balls
Pitching: RHP Joe Cardamone
Batting: RHB John Shaffer 0-0: Ball
1-0: Swinging Strike
1-1: Foul Ball, location: 2F
1-2: DOUBLE (Groundball, 3L, EV 105.6 MPH)
Devin Hottenstein to third
Batting: LHB Javy Portela 0-0: Called Strike
0-1: Ball
1-1: Ball
2-1: Foul Ball, location: 2F
2-2: Ground out 5-3 (Groundball, 6, EV 81.2 MPH)
Devin Hottenstein scores
Batting: LHB Josh Slusarczyk 0-0: 2-RUN HOME RUN (Flyball, 9LD, EV 100.0 MPH), Distance : 369 ft
Batting: RHB Scott Schwartz 0-0: Ball
1-0: Ball
2-0: Ground out 6-3 (Groundball, 6, EV 79.4 MPH)
Batting: RHB Joe Weissman 0-0: Called Strike
0-1: Ground out 4-3 (Groundball, 4, EV 88.8 MPH)
Bottom of the 5th over - 3 runs, 2 hits, 0 errors, 0 left on base; Pensacola 1 - San Antonio 6
TOP OF THE 6TH
Pensacola Blue Wahoos batting - Pitching for San Antonio Missions : LHP Blaine Whitmore
Batting: RHB Jamie Ingram 0-0: Ball
1-0: Ball
2-0: Called Strike
2-1: Ball
3-1: Base on Balls
Batting: RHB Yasusaburo Kuwahara 0-0: Called Strike
0-1: 2-RUN HOME RUN (Flyball, 78XD, EV 102.5 MPH), Distance : 407 ft
Batting: RHB Solange Le Coq 0-0: Ball
1-0: Ball
2-0: Foul Ball, location: 2F
2-1: SINGLE (Groundball, 56D, EV 98.1 MPH)
Batting: RHB Danny Real 0-0: Ball
Solange Le Coq steals 2nd, throwing error, E2
Solange Le Coq to third
1-0: Called Strike
1-1: Foul Ball, location: 2F
1-2: Strikes out swinging
Batting: RHB Dusty Pollert 0-0: Ball
1-0: Ball
2-0: Ball
3-0: Base on Balls
Batting: RHB Reilly Hawkins 0-0: Foul Ball, location: 2F
0-1: Ball
1-1: Foul Ball, location: 2F
1-2: Grounds into double play, 5-4-3 (Groundball, 56S, EV 85.6 MPH)
Top of the 6th over - 2 runs, 2 hits, 1 error, 1 left on base; Pensacola 3 - San Antonio 6
BOTTOM OF THE 6TH
San Antonio Missions batting - Pitching for Pensacola Blue Wahoos : RHP Joe Cardamone
Batting: RHB Mario Mejia 0-0: Called Strike
0-1: Fly out, F9 (Flyball, 9LM, EV 101.2 MPH)
Batting: LHB Bobby Adams 0-0: Swinging Strike
0-1: Ball
1-1: Ball
2-1: Reached on error, E6 (Groundball, 6M, EV 105.0 MPH)
Batting: RHB Luwen Storm 0-0: Ball
Passed Ball!
Bobby Adams to second
1-0: Ground out 6-3 (Groundball, 6, EV 103.8 MPH)
Batting: SHB Devin Hottenstein Balk!
Bobby Adams to third
0-0: Ball
1-0: Foul Ball, location: 2F
1-1: Foul Ball, location: 2F
1-2: Strikes out swinging
Bottom of the 6th over - 0 runs, 0 hits, 1 error, 1 left on base; Pensacola 3 - San Antonio 6
TOP OF THE 7TH
Pensacola Blue Wahoos batting - Pitching for San Antonio Missions : LHP Blaine Whitmore
Batting: SHB Kristian Kristensen 0-0: Ball
1-0: Ball
2-0: Called Strike
2-1: Ground out 6-3 (Groundball, 6M, EV 106.9 MPH)
Batting: RHB Colin Lord 0-0: Ball
1-0: Ball
2-0: Called Strike
2-1: SINGLE (Flyball, 8RS, EV 86.9 MPH)
Batting: RHB Steve Anderson 0-0: Ball
1-0: Called Strike
1-1: Called Strike
1-2: Ball
Colin Lord steals 2nd base
2-2: Ground out 5-3 (Groundball, 56S, EV 85.6 MPH)
Pitching: RHP John Pena
Batting: RHB Jamie Ingram 0-0: Called Strike
0-1: Ball
1-1: Ground out 5-3 (Groundball, 15, EV 93.1 MPH)
Top of the 7th over - 0 runs, 1 hit, 0 errors, 1 left on base; Pensacola 3 - San Antonio 6
BOTTOM OF THE 7TH
San Antonio Missions batting - Pitching for Pensacola Blue Wahoos : RHP Joe Cardamone
Pitching: RHP Brad Barnhart
Batting: RHB John Shaffer 0-0: Ball
1-0: Ball
2-0: Ball
3-0: Base on Balls
Batting: LHB Javy Portela 0-0: Grounds into double play, 5-4-3 (Groundball, 56, EV 91.2 MPH)
Batting: LHB Josh Slusarczyk 0-0: Ball
1-0: Called Strike
1-1: Swinging Strike
1-2: Ball
2-2: Foul Ball, location: 2F
2-2: Strikes out swinging
Bottom of the 7th over - 0 runs, 0 hits, 0 errors, 0 left on base; Pensacola 3 - San Antonio 6
TOP OF THE 8TH
Pensacola Blue Wahoos batting - Pitching for San Antonio Missions : RHP John Pena
Now at 1B: Bobby Adams
Now in LF: Ben Antal
Batting: RHB Yasusaburo Kuwahara 0-0: Ball
1-0: Foul Ball, location: 2F
1-1: Ball
2-1: Foul Ball, location: 2F
2-2: Strikes out swinging
Batting: RHB Solange Le Coq 0-0: Fly out, F8 (Flyball, 89M, EV 96.2 MPH)
Batting: RHB Danny Real 0-0: Ball
1-0: Called Strike
1-1: Foul Ball, location: 2F
1-2: Ball
2-2: Strikes out looking
Top of the 8th over - 0 runs, 0 hits, 0 errors, 0 left on base; Pensacola 3 - San Antonio 6
BOTTOM OF THE 8TH
San Antonio Missions batting - Pitching for Pensacola Blue Wahoos : RHP Brad Barnhart
Batting: RHB Scott Schwartz 0-0: Swinging Strike
0-1: Foul Ball, location: 2F
0-2: Ball
1-2: SOLO HOME RUN (Flyball, 7LD, EV 93.8 MPH), Distance : 351 ft
Batting: RHB Joe Weissman 0-0: Fly out, F8 (Flyball, 8RD, EV 88.1 MPH)
Batting: RHB Mario Mejia 0-0: Swinging Strike
0-1: Ball
1-1: Ground out 5-3 (Groundball, 56, EV 86.2 MPH)
Batting: LHB Bobby Adams 0-0: Ground out 4-3 (Groundball, 34D, EV 108.1 MPH)
Bottom of the 8th over - 1 run, 1 hit, 0 errors, 0 left on base; Pensacola 3 - San Antonio 7
TOP OF THE 9TH
Pensacola Blue Wahoos batting - Pitching for San Antonio Missions : RHP John Pena
Pitching: RHP Jon Hoke
Batting: RHB Dusty Pollert 0-0: Ball
1-0: Fly out, F9 (Flyball, 89S, EV 94.4 MPH)
Batting: RHB Reilly Hawkins 0-0: Called Strike
0-1: Called Strike
0-2: Ball
1-2: Strikes out swinging
Batting: SHB Kristian Kristensen 0-0: Ball
1-0: Ball
2-0: Foul Ball, location: 2F
2-1: Swinging Strike
2-2: Foul Ball, location: 2F
2-2: Ball
3-2: Foul Ball, location: 2F
3-2: Foul Ball, location: 2F
3-2: Base on Balls
Batting: RHB Colin Lord 0-0: Ball
1-0: Ball
2-0: Swinging Strike
2-1: Ball
3-1: Base on Balls
Kristian Kristensen to second
Batting: RHB Steve Anderson 0-0: Foul Ball, location: 2F
0-1: Ball
1-1: Swinging Strike
1-2: Fly out, F4 (Popup, 34D, EV 63.8 MPH)
Top of the 9th over - 0 runs, 0 hits, 0 errors, 2 left on base; Pensacola 3 - San Antonio 7
Wednesday, June 22nd , 2022 - OOTP Baseball 23.4 Build 64